 Dungeon Crawl Stone Soup version 0.21.1-1-g345015f (webtiles) character file.

35 Kairos the Charmwright (level 3, 0/27 HPs)
             Began as a Demonspawn Skald on Mar 26, 2018.
             Was an Initiate of Okawaru.
             Slain by a bat (1 damage)
             ... on level 2 of the Dungeon.
             The game lasted 00:01:23 (579 turns).

Kairos the Charmwright (Demonspawn Skald)            Turns: 579, Time: 00:01:23

Health: 0/27       AC:  8    Str: 12    XL:     3   Next: 17%
Magic:  6/6        EV:  9    Int: 14    God:    Okawaru [......]
Gold:   59         SH:  0    Dex: 12    Spells: 5/6 levels left

rFire    + . .     SeeInvis .   q - -2 quarterstaff (curse)
rCold    . . .     Gourm    .   (shield currently unavailable)
rNeg     . . .     Faith    .   h - +2 scale mail {rF+}
rPois    .         Spirit   .   (no helmet)
rElec    .         Reflect  .   (no cloak)
rCorr    .         Harm     .   (no gloves)
MR       .....                  (no boots)
Stlth    +.........             (no amulet)
HPRegen  0.09/turn              (no ring)
MPRegen  0.10/turn              (no ring)

@: no status effects
A: nightstalker 1
a: Renounce Religion


You were on level 2 of the Dungeon.
You worshipped Okawaru.
Okawaru was noncommittal.
You were not hungry.

You visited 1 branch of the dungeon, and saw 2 of its levels.

You collected 59 gold pieces.

Inventory:

Hand Weapons
 a - a +0 mace
 q - a cursed -2 quarterstaff (weapon)
Armour
 b - a +0 leather armour
 h - a +2 scale mail of fire resistance (worn)
Scrolls
 e - a scroll of identify {unknown}
 f - a scroll of fog {unknown}
 g - 2 scrolls of remove curse {unknown}
 j - a scroll of magic mapping {unknown}
 l - a scroll of teleportation {unknown}
 n - a scroll of amnesia {unknown}
 o - a scroll of blinking {unknown}
 r - a scroll of enchant armour {unknown}
Potions
 i - a potion of curing {unknown}
 k - a potion of heal wounds {unknown}
 m - a potion of brilliance {unknown}
 p - a potion of resistance {unknown}
Books
 c - a book of Battle

   Spells                             Type                      Level
   a - Infusion                       Charms                       1
   b - Shroud of Golubria             Charms/Translocation         2
   c - Song of Slaying                Charms                       2
   d - Spectral Weapon                Hexes/Charms                 3
   e - Regeneration                   Charms/Necromancy            3
Comestibles
 d - 8 rations


   Skills:
 + Level 2.0 Fighting
 + Level 2.3 Maces & Flails
 + Level 0.9 Armour
 + Level 2.3 Dodging
 + Level 2.0 Spellcasting
 + Level 3.2 Charms


You had 5 spell levels left.
You knew the following spells:

 Your Spells              Type           Power        Failure   Level  Hunger
a - Infusion              Chrm           ##..         34%         1    ##.....


Dungeon Overview and Level Annotations

Branches:
Dungeon (2/15)

Altars:
Okawaru


Innate Abilities, Weirdness & Mutations

You are slightly more attuned to the shadows.


Message History

You are too injured to fight recklessly!
You hit the worm.
The worm is almost dead.
The bat hits you but does no damage. The worm bites you!
* * * LOW HITPOINT WARNING * * *
You sock the worm!
You kill the worm!
Okawaru accepts your kill. The bat barely misses you. The bat hits you.
* * * LOW HITPOINT WARNING * * *
Unknown command.
You closely miss the bat. The bat hits you but does no damage.
The bat hits you but does no damage. The bat hits you but does no damage.
The bat hits you.
* * * LOW HITPOINT WARNING * * *
The bat hits you but does no damage. The bat hits you.
You die...

## ...
#.##########
#.......[..#
#..........#
#..........#
#..........#
#.....@....#
##..†...b...#
#......######
#......# +......#
#.# #......# #.#
#......# #.####
#......# #.....
.######......#####
#.....


You could see a bat.

Vanquished Creatures
  An adder (D:2)
  An ooze (D:1)
  A worm (D:2)
  A dart slug (D:1)
  4 bats
  2 giant cockroaches (D:1)
  3 goblins
  A kobold (D:1)
  2 frilled lizards (D:1)
  A rat (D:1)
17 creatures vanquished.

Notes
Turn   | Place    | Note
-------+----------+-------------------------------------------
     0 | D:1      | Kairos the Demonspawn Skald began the quest for the Orb.
     0 | D:1      | Reached XP level 1. HP: 16/16 MP: 3/3
    71 | D:1      | Reached skill level 3 in Charms
    77 | D:1      | Gained mutation: You are slightly more attuned to the shadows. [demonic ancestry]
    77 | D:1      | Reached XP level 2. HP: 15/22 MP: 5/5
   443 | D:2      | Found an iron altar of Okawaru.
   458 | D:2      | Reached XP level 3. HP: 27/27 MP: 6/6
   531 | D:2      | Became a worshipper of Warmaster Okawaru
   577 | D:2      | HP: 1/27 [bat (1)]
   579 | D:2      | Slain by a bat

Skill      XL: |  1  2 |
---------------+-------+-----
Dodging        | 2 |  2.3
Charms         | 3 |  3.2
Maces & Flails | 2 |  2.3
Fighting       | |  2.0
Armour         | |  0.9
Spellcasting   | |  2.0

Action                   || total
-------------------------++-------
Melee: Mace              ||    50
       Quarterstaff      ||    13
Armor: Leather armour    ||    17
       Scale mail        ||    33
Dodge: Dodged            ||    50
